 Dungeon Crawl Stone Soup version 0.21.1-1-g345015f (webtiles) character file.

110 n0claF the Caller (level 4, -2/33 HPs)
             Began as a Merfolk Summoner on June 14, 2018.
             Slain by olivier's ghost (14 damage)
             ... on level 3 of the Dungeon.
             The game lasted 00:16:13 (2808 turns).

n0claF the Caller (Merfolk Summoner)                Turns: 2808, Time: 00:16:14

Health: -2/33      AC:  3    Str:  8    XL:     4   Next: 91%
Magic:  0/8        EV: 14    Int: 15    God:
Gold:   167        SH:  0    Dex: 14    Spells: 2/8 levels left

rFire    . . .     SeeInvis .   t - +0 spear
rCold    . . .     Gourm    .   (no shield)
rNeg     . . .     Faith    .   a - +0 robe
rPois    .         Spirit   .   (no helmet)
rElec    .         Reflect  .   (no cloak)
rCorr    .         Harm     .   c - +0 pair of gloves
MR       .....                  (no boots)
Stlth    ++........             (no amulet)
HPRegen  0.11/turn              (no ring)
MPRegen  0.11/turn              (no ring)

@: no status effects
A: change form in water, swift swim, stealthy swim
a: no special abilities


You were on level 3 of the Dungeon.
You were not hungry.

You visited 1 branch of the dungeon, and saw 3 of its levels.

You collected 167 gold pieces.

Inventory:

Hand Weapons
 t - a +0 spear (weapon)
   (You found it on level 3 of the Dungeon)
Armour
 a - a +0 robe (worn)
 c - a +0 pair of gloves (worn)
   (You found it on level 1 of the Dungeon)
Scrolls
 f - a scroll of magic mapping {unknown}
 g - a scroll of teleportation {unknown}
 h - 2 scrolls of identify {unknown}
 j - a scroll of remove curse {unknown}
 k - a scroll of enchant armour {unknown}
 l - a scroll of fog {unknown}
 m - a scroll of amnesia {unknown}
 p - a scroll of immolation {unknown}
 s - a scroll of blinking {unknown}
 u - a scroll of random uselessness {unknown}
Potions
 d - a potion of agility {unknown}
 i - a potion of curing {unknown}
 n - a potion of lignification {unknown}
 o - a potion of invisibility {unknown}
 r - a potion of haste {unknown}
Books
 b - a book of Callings
Comestibles
 e - 5 rations {!d}
 q - 13 chunks of flesh


   Skills:
 + Level 2.1 Fighting
 + Level 0.6 Polearms
 + Level 3.9 Dodging
 - Level 2.1 Stealth
 + Level 2.8 Spellcasting
 + Level 4.5 Summonings


You had 2 spell levels left.
You knew the following spells:

 Your Spells              Type           Power        Failure   Level  Hunger
a - Summon Small Mammal   Summ           ###.         3%          1    #......
b - Call Imp              Summ           ###.....     4%          2    ##.....
c - Call Canine Familiar  Summ           ###.....     10%         3    ###....


Dungeon Overview and Level Annotations

Branches:
Dungeon (3/15)

Altars:
Hepliaklqana

Annotations:
D:3 olivier's ghost, weakling GrFi


Message History

Olivier's ghost whispers, "It is all a dream - a grotesque and foolish dream."
A beastly little devil appears in a puff of flame.
You don't have enough magic to cast that spell.
What are your orders? t - Shout!
Orders for allies: a - Attack new target. r - Retreat! s - Stop attacking. g - Guard the area. f - Follow me.
Anything else - Cancel.
Gang up on whom?
Aim: olivier's ghost Attack!
Your hound bites olivier's ghost but does no damage.
Your hound barely misses olivier's ghost.
Your hound bites olivier's ghost but does no damage.
Olivier's ghost hits your crimson imp!
Attack whom?
Aim: olivier's ghost You reach to attack!
You hit olivier's ghost but do no damage.
Your crimson imp barely misses olivier's ghost.
Your hound completely misses olivier's ghost.
Olivier's ghost hits your crimson imp!
Your crimson imp dies!
Attack whom?
Aim: olivier's ghost You reach to attack!
You hit olivier's ghost but do no damage.
Your hound bites olivier's ghost but does no damage.
Your hound closely misses olivier's ghost.
Your hound bites olivier's ghost but does no damage.
You hit olivier's ghost but do no damage.
Your hound barely misses olivier's ghost.
Olivier's ghost hits you!
You hit olivier's ghost but do no damage.
Your hound barely misses olivier's ghost.
Olivier's ghost hits you!
* * * LOW HITPOINT WARNING * * *
Your hound bites olivier's ghost.
Your hound bites olivier's ghost but does no damage.
Your hound barely misses olivier's ghost.
Your hound bites olivier's ghost but does no damage.
Your hound bites olivier's ghost but does no damage.
A shadowy apparition takes form in the air.
Olivier's ghost barely misses you.
Your hound barely misses olivier's ghost.
Your hound bites olivier's ghost.
Your shadow imp hits olivier's ghost but does no damage.
Olivier's ghost hits you!
You die...

..#...... #.# #(....#
.....##.## #.# ####.....#
..$......## #.####........#
..........## #.#....##.....#
...........###
##...###....####
.............###..# ##..#.#
...........#.†....####.....#
...........#..5.#)##.....###
..$...........hW@....#....#
..........)#....[.#..)....#
..........................#
.....................)....#
#..#...##.................#
#.##..###.................#
......# #.................#
...##.# ###......)........#
## #................#


You could see olivier's ghost, a friendly hound and a friendly shadow imp.

Vanquished Creatures
  A gnoll (D:3)
  An adder (D:2)
  An ooze (D:1)
  A giant cockroach (D:1)
4 creatures vanquished.

Vanquished Creatures (collateral kills)
  A scorpion (D:2)
  3 gnolls
  An adder (D:2)
  A worm (D:2)
  A dart slug (D:1)
  A leopard gecko (D:2)
  An orc (D:3)
  8 bats
  8 giant cockroaches
  5 hobgoblins
  4 jackals (D:2)
  A quokka (D:2)
  3 frilled lizards
  7 goblins
  5 kobolds
  4 rats (D:1)
54 creatures vanquished.

Grand Total: 58 creatures vanquished

Notes
Turn   | Place    | Note
-------+----------+-------------------------------------------
     0 | D:1      | n0claF the Merfolk Summoner began the quest for the Orb.
     0 | D:1      | Reached XP level 1. HP: 13/13 MP: 3/3
   157 | D:1      | Reached XP level 2. HP: 8/20 MP: 1/5
   514 | D:1      | Learned a level 2 spell: Call Imp
   617 | D:1      | Reached skill level 1 in Fighting
   909 | D:1      | Reached XP level 3. HP: 26/26 MP: 1/6
  1584 | D:2      | Learned a level 3 spell: Call Canine Familiar
  1740 | D:2      | Noticed a scorpion
  1752 | D:2      | Killed a scorpion
  1752 | D:2      | Reached XP level 4. HP: 16/33 MP: 5/7
  1988 | D:2      | Found a hazy altar of Hepliaklqana.
  2605 | D:3      | Noticed a centaur
  2786 | D:3      | Noticed olivier's ghost (weakling GrFi)
  2808 | D:3      | Slain by olivier's ghost

Skill      XL: |  1  2  3  4 |
---------------+-------------+-----
Dodging        | 3 |  3.9
Fighting       | 1 2 |  2.1
Polearms       | |  0.6
Stealth        | |  2.1
Spellcasting   | |  2.8
Summonings     | |  4.5

Action                   |  1- 3 |  4- 6 || total
-------------------------+-------+-------++-------
Melee: Unarmed           |    31 |       ||    31
       Whip              |    22 |     7 ||    29
       Spear             |       |     7 ||     7
 Cast: Summon Small Mamm |    18 |       ||    18
       Call Imp          |    20 |     7 ||    27
       Call Canine Famil |     3 |    12 ||    15
 Stab: Distracted        |       |     1 ||     1
  Eat: Chunk             |     5 |     5 ||    10
Armor: Robe              |    27 |     5 ||    32
Dodge: Dodged            |    72 |    29 ||   101
